 Dungeon Crawl Stone Soup version 0.28.0-43-g3370ac3207 (webtiles) character file.

Game seed: 7147191418593015244

17612 pkoi the Zephyrmancer (level 12, -4/129 HPs)
             Began as a Black Draconian Air Elementalist on Mar 10, 2022.
             Was an Elder of Hepliaklqana.
             Slain by a minotaur
             ... wielding a +7 quick blade
              (8 damage)
             ... in a Gauntlet.
             The game lasted 00:39:00 (24206 turns).

pkoi the Zephyrmancer (DrAE)                       Turns: 24206, Time: 00:39:00

Health: -4/129     AC: 14    Str: 18    XL:     12   Next: 20%
Magic:  4/24       EV: 15    Int: 25    God:    Hepliaklqana [****..]
Gold:   943        SH:  5    Dex: 17    Spells: 12/28 levels left

rFire   + . .      SeeInvis +   t - +5 whip of Glamorous Defence {elec, Int+3}
rCold   + . .      Faith    .   (no shield)
rNeg    . . .      Spirit   .   (armour unavailable)
rPois   +          Reflect  +   (helmet restricted)
rElec   +          Harm     .   (no cloak)
rCorr   .          Rampage  .   M - +0 pair of gloves "Ijif" {rPois rF+ Dex+6}
Will    .....      NoTele   +   a - +4 pair of boots "Ufaibluc" {rPois}
Stlth   ..........              j - amulet of reflection
HPRegen 0.31/turn               g - ring of the Barracuda {Fly rC+ Int+2 SInv}
MPRegen 0.19/turn               z - +6 ring of strength

@: berserking, flying, very quick
A: reduced essence, breathe lightning, AC +8, unfitting armour, electricity
resistance, cold-blooded
a: Breathe Lightning, Renounce Religion, Recall Ancestor, Ancestor Identity,
Transference, Idealise


You were in a Gauntlet.
You worshipped Hepliaklqana.
Hepliaklqana was greatly pleased with you.
You visited 3 branches of the dungeon, and saw 12 of its levels.
You also visited: Ossuary, Bailey and Gauntlet.

You collected 1103 gold pieces.
You spent 160 gold pieces at shops.

Inventory:

Hand Weapons
 r - a +0 hand axe of venom
 t - the +5 whip of Glamorous Defence (weapon) {elec, Int+3}
   (You took it off a kobold on level 4 of the Dungeon)

   It occasionally discharges a powerful burst of electricity upon striking a
   foe.
   Int:       It affects your intelligence (+3).
Missiles
 v - a throwing net
Armour
 a - the +4 pair of boots "Ufaibluc" (worn) {rPois}
   (You acquired it on level 5 of the Dungeon)

   rPois:     It protects you from poison.
 c - a +1 pair of gloves
 M - the +0 pair of gloves "Ijif" (worn) {rPois rF+ Dex+6}
   (You found it in a Gauntlet)

   Dex:       It affects your dexterity (+6).
   rF:        It protects you from fire.
   rPois:     It protects you from poison.
Magical Staves
 s - a staff of fire
 L - a staff of poison
Jewellery
 g - the ring of the Barracuda (left hand) {Fly rC+ Int+2 SInv}
   (You found it on level 2 of the Dungeon)

   [ring of see invisible]

   Int:       It affects your intelligence (+2).
   rC:        It protects you from cold.
   SInv:      It lets you see invisible.
   Fly:       It grants you flight.
 h - a ring of ice
 j - an amulet of reflection (around neck)
 u - a ring of wizardry
 z - a +6 ring of strength (right hand)
 A - a ring of protection from cold
 H - a ring of resist corrosion
Wands
 b - a wand of flame (5)
 B - a wand of digging (7)
 J - a wand of mindburst (8)
Scrolls
 l - 2 scrolls of enchant armour
 w - 5 scrolls of teleportation
 y - a scroll of silence
 D - a scroll of fear
 E - a scroll of blinking
 G - a scroll of fog
 I - 2 scrolls of identify
Potions
 d - 4 potions of brilliance
 e - a potion of cancellation
 f - 4 potions of flight
 i - 3 potions of ambrosia
 k - 2 potions of magic
 m - 7 potions of heal wounds
 n - a potion of lignification
 o - 6 potions of curing
 p - 2 potions of berserk rage
 q - 6 potions of might
 x - a potion of attraction
 C - 2 potions of haste
 F - a potion of invisibility
 K - a potion of mutation


   Skills:
 - Level 6.0 Fighting
 - Level 6.0 Dodging
 - Level 6.0 Stealth
 + Level 6.3 Unarmed Combat
 + Level 8.5 Spellcasting
 - Level 1.0 Conjurations
 + Level 3.1 Summonings
 + Level 6.4 Translocations
 + Level 14.0 Air Magic


You had 12 spell levels left.
You knew the following spells:

 Your Spells              Type           Power      Damage    Failure   Level
a - Shock                 Conj/Air       100%       1d9       1%          1
b - Swiftness             Air            69%        N/A       1%          3
c - Airstrike             Air            34%        N/A       1%          4
d - Apportation           Tloc           86%        N/A       1%          1
e - Passage of Golubria   Tloc           43%        N/A       4%          4
f - Call Canine Familiar  Summ           26%        N/A       4%          3

Your spell library contained the following spells:

 Spells                   Type           Power      Damage    Failure   Level
 Summon Small Mammal      Summ           100%       N/A       1%          1
 Static Discharge         Conj/Air       48%        N/A       1%          2
 Animate Skeleton         Necr           20%        N/A       6%          1
 Freeze                   Ice            40%        1d6       6%          1
 Summon Guardian Golem    Hex/Summ       18%        N/A       9%          3
 Silence                  Hex/Air        22%        N/A       9%          5
 Conjure Flame            Conj/Fire      13%        6-21      14%         3
 Frozen Ramparts          Ice            20%        1d4       17%         3
 Ignite Poison            Fire/Tmut/Pois 10%        N/A       17%         3
 Inner Flame              Hex/Fire       10%        N/A       17%         3
 Hailstorm                Conj/Ice       13%        3d5       43%         4
 Sticky Flame             Conj/Fire      13%        2d4       43%         4
 Cause Fear               Hex            5%         N/A       50%         4
 Discord                  Hex            5%         N/A       100%        8
 Lehudib's Crystal Spear  Conj/Erth      6%         10d3      100%        8


Dungeon Overview and Level Annotations

Branches:
Dungeon (10/15)            Temple (1/1) D:4            Lair (1/6) D:10
    Orc (0/2) D:10        Ossuary (visited)          Bailey (visited)
Gauntlet (1/1)

Altars:
Ashenzari
Cheibriados
Dithmenos
Elyvilon
Fedhas
Gozag
Hepliaklqana
Kikubaaqudgha
Makhleb
Nemelex Xobeh
Okawaru
Qazlal
Ru
Sif Muna
Trog
Uskayaw
Vehumet
Wu Jian
Xom
Yredelemnul
Zin
The Shining One

Shops:
D:7 [   D:9 *   D:10 [[:!

Portals:
Trove: D:10 (give 7 scrolls of fear)

Annotations:
Gauntlet 8 transporters, 5 runed translucent doors


Innate Abilities, Weirdness & Mutations

Your life essence is reduced to manifest your ancestor. (-10% HP)
You can breathe wild blasts of lightning.
Your glossy black scales are hard. (AC +8)
You cannot fit into any form of body armour.
You are resistant to electric shocks. (rElec)
You are cold-blooded and may be slowed by cold attacks.


Message History

The minotaur throws a javelin.
The javelin pierces through you!!
* * * LOW HITPOINT WARNING * * *
You feel much better.
A red film seems to cover your vision as you go berserk!
You feel yourself moving faster!
You feel mighty!
You closely miss the minotaur.
You punch the minotaur, but do no damage.
The minotaur is moderately wounded.
You whack the minotaur!
You tail-slap the minotaur, but do no damage.
The minotaur is heavily wounded.
The minotaur hits you with a +7 quick blade!
* * * LOW HITPOINT WARNING * * *
The minotaur gores you!
* * * LOW HITPOINT WARNING * * *
You whack the minotaur!
The minotaur is severely wounded.
The minotaur hits you with a +7 quick blade.
* * * LOW HITPOINT WARNING * * *
The minotaur gores you but does no damage.
Unknown command.
You hit the minotaur but do no damage. Lightning courses through the minotaur!
The minotaur is almost dead.
Unknown command.
You hit the minotaur but do no damage.
You punch the minotaur, but do no damage.
The minotaur is almost dead.
The minotaur hits you with a +7 quick blade!
* * * LOW HITPOINT WARNING * * *
You block the minotaur's attack.
Unknown command.
You hit the minotaur. You tail-slap the minotaur.
The minotaur is almost dead.
The minotaur closely misses you.
The minotaur gores you but does no damage.
Unknown command.
You barely miss the minotaur.
The minotaur is almost dead.
The minotaur hits you with a +7 quick blade!
You die...

##..#©#.©.8. #≈..#!.P.P..
### ##§.#[#.#.8.
#.#####§§.#2.^.^.. .
#.##....###..########
#.##....##..##..........
...##.##...#..########
#.##......#..#.......
#...@##.©.#8.#..#....
######.##H##...#..#?###...
#∩...'.##....©.#∩.#©.#©#..
####....##...#..#u..###.
#....##.##.©.#8.#G...#..
#....##.##......#..#u.uG...
..## #....##...#..########
..##.##..##..........
#.##....###..########


You could see a minotaur.

Vanquished Creatures
  An orc warlord (Bailey)
  A quicksilver ooze (Gauntlet)
  Erolcha (D:10)
  A two-headed ogre (D:7)
  2 cyclopes (D:7)
  A gargoyle (D:7)
  Psyche (D:8)
  3 unseen horrors (D:10)
  A troll (D:10)
  14 yaks
  A wraith (D:9)
  3 wyverns
  A basilisk (D:7)
  2 steam dragons
  4 vampire mosquitoes
  2 water moccasins
  8 orc warriors
  3 black bears
  A hornet zombie (D:6)
  2 sky beasts
  3 wolves (Lair:1)
  4 ogres
  2 centaurs
  2 phantoms
  2 bullfrogs
  2 gnoll sergeants
  3 scorpions
  5 killer bees
  3 howler monkeys
  6 wights
  A centaur zombie (D:8)
  2 centaur skeletons
  6 hounds
  2 jellies
  7 orc priests
  19 orc wizards
  3 iguanas
  A killer bee zombie (D:9)
  8 mummies (Ossuary)
  A howler monkey zombie (D:7)
  11 gnolls
  10 adders
  A white imp (D:7)
  An adder skeleton (D:4)
  A worm (D:2)
  A dart slug (D:5)
  60 orcs
  5 bats
  8 endoplasms
  3 giant cockroaches
  2 gnoll zombies (Ossuary)
  12 goblins
  11 hobgoblins
  17 kobolds
  2 quokkas
  6 ball pythons
  3 frilled lizards
  2 hobgoblin zombies (Ossuary)
  2 kobold zombies (Ossuary)
  2 orc zombies (Ossuary)
  4 rats
299 creatures vanquished.

Vanquished Creatures (collateral kills)
  An orc knight (Bailey)
  Joseph (D:8)
  An efreet (D:9)
  3 hornets
  9 yaks
  A vampire mosquito (D:7)
  A water moccasin (D:7)
  2 orc warriors (D:9)
  A wolf (Lair:1)
  2 centaurs (D:9)
  A gnoll sergeant (D:9)
  2 killer bees (D:10)
  A howler monkey (D:9)
  A centaur zombie (D:6)
  2 orc wizards
  4 gnolls (D:9)
  5 orcs
38 creatures vanquished.

Vanquished Creatures (others)
  7 knights
  8 ancestors
  An orc (D:8)
  A demonic plant (Gauntlet)
  2 fungi
  A plant (D:10)
20 creatures vanquished.

Grand Total: 357 creatures vanquished

Notes
Turn   | Place    | Note
-------+----------+-------------------------------------------
     0 | D:1      | pkoi the Draconian Air Elementalist began the quest for the
                  | Orb.
     0 | D:1      | Reached XP level 1. HP: 14/14 MP: 3/3
     2 | D:1      | Noticed an elf
     2 | D:1      | Noticed a vampire
     4 | D:1      | Noticed a tengu
     4 | D:1      | Noticed an octopode
     6 | D:1      | Noticed a felid
     8 | D:1      | Noticed a merfolk
     8 | D:1      | Noticed a minotaur
    10 | D:1      | Noticed a draconian
    12 | D:1      | Noticed a gargoyle
    14 | D:1      | Noticed a formicid
    16 | D:1      | Noticed a naga
    16 | D:1      | Noticed a human
    18 | D:1      | Noticed a vine stalker
    18 | D:1      | Noticed a ghoul
    20 | D:1      | Noticed a demonspawn
    22 | D:1      | Noticed a troll
    22 | D:1      | Noticed a dwarf
    24 | D:1      | Noticed a demigod
    24 | D:1      | Noticed an ogre
    26 | D:1      | Noticed a spriggan
   414 | D:1      | Reached XP level 2. HP: 20/20 MP: 0/5
  1062 | D:1      | Reached skill level 1 in Unarmed Combat
  1568 | D:1      | Reached skill level 4 in Air Magic
  1568 | D:1      | Reached XP level 3. HP: 11/26 MP: 3/6
  1761 | D:2      | Found a bloodstained altar of Trog.
  1778 | D:2      | Identified the ring of the Barracuda {Fly rC+ Int+2 SInv}
  2599 | D:2      | Reached XP level 4. HP: 33/33 MP: 1/7
  2639 | D:2      | Reached skill level 5 in Air Magic
  2805 | D:2      | Found a faded altar of an unknown god.
  3724 | D:3      | Reached XP level 5. HP: 38/38 MP: 4/8
  4830 | D:3      | Reached skill level 6 in Air Magic
  5126 | D:4      | Noticed an ogre
  5139 | D:4      | Killed an ogre
  5140 | D:4      | Reached XP level 6. HP: 18/45 MP: 2/9
  5556 | D:4      | Reached skill level 7 in Air Magic
  5723 | D:4      | Identified the +5 whip of Glamorous Defence {elec, Int+3}
  6143 | D:4      | Learned a level 3 spell: Swiftness
  6148 | D:4      | Learned a level 4 spell: Airstrike
  6246 | D:4      | Found a sacrificial altar of Ru.
  6296 | D:4      | Reached skill level 8 in Air Magic
  6296 | D:4      | Your scales start taking on a glossy black colour.
  6296 | D:4      | Reached skill level 9 in Air Magic
  6296 | D:4      | Reached XP level 7. HP: 50/50 MP: 5/10
  6296 | D:4      | Gained mutation: You are resistant to electric shocks.
                  | (rElec) [Black Draconian growth]
  6303 | D:4      | Became a worshipper of Ru the Awakened
  6542 | D:4      | Found a staircase to the Ecumenical Temple.
  6593 | Temple   | Entered the Ecumenical Temple
  6744 | Temple   | Fell from the grace of Ru
  6744 | Temple   | Became a worshipper of Hepliaklqana the Forgotten
  6804 | D:5      | Entered Level 5 of the Dungeon
  6805 | D:5      | Found a sparkling altar of Nemelex Xobeh.
  7569 | D:5      | Identified a scroll of acquirement
  7569 | D:5      | Acquired the +4 pair of boots "Ufaibluc" {rPois}
  7660 | D:5      | Reached skill level 10 in Air Magic
  7981 | D:5      | Noticed a troll
  8312 | D:5      | Learned a level 1 spell: Apportation
  8653 | D:6      | Noticed a vampire mosquito
  8654 | D:6      | Noticed a vampire mosquito
  8654 | D:6      | Noticed a vampire mosquito
  8661 | D:5      | Killed a vampire mosquito
  8662 | D:5      | Reached skill level 1 in Translocations
  8663 | D:5      | Killed a vampire mosquito
  8664 | D:5      | Reached XP level 8. HP: 30/57 MP: 2/13
  8803 | D:6      | Reached skill level 11 in Air Magic
  8917 | D:6      | Reached skill level 5 in Spellcasting
  9046 | D:6      | Found a sand-covered staircase.
  9051 | Ossuary  | Entered an ossuary
  9585 | Ossuary  | Reached * piety under Hepliaklqana
  9683 | D:6      | Identified the +6 hand axe of Dismemberment {freeze, rPois}
  9779 | D:6      | Found a shimmering altar of Xom.
  9782 | D:6      | Found a basalt altar of Yredelemnul.
  9850 | D:6      | Reached XP level 9. HP: 54/55 MP: 0/17
 10941 | D:7      | Reached skill level 5 in Translocations
 11124 | D:7      | Reached skill level 12 in Air Magic
 11181 | D:7      | Reached skill level 1 in Fighting
 11966 | D:7      | Noticed a two-headed ogre
 11970 | D:7      | Killed a two-headed ogre
 11971 | D:7      | Reached XP level 10. HP: 69/69 MP: 2/19
 12567 | D:7      | Found Noumeuma's Armour Shoppe.
 12613 | D:7      | Noticed a cyclops
 12614 | D:7      | Noticed a cyclops
 12771 | D:7      | Noticed a cyclops
 12780 | D:7      | Killed a cyclops
 12917 | D:7      | Noticed a gargoyle
 12923 | D:7      | Killed a gargoyle
 13951 | D:7      | Killed a cyclops
 14355 | D:8      | Noticed Psyche
 14361 | D:8      | Killed Psyche
 14368 | D:8      | Found a flagged portal.
 14377 | Bailey   | Entered a bailey
 14868 | Bailey   | Noticed an orc warlord
 15088 | Bailey   | Noticed an orc knight
 15250 | Bailey   | Killed an orc knight
 15251 | Bailey   | Reached skill level 13 in Air Magic
 15535 | Bailey   | Found a runed translucent gate.
 15535 | Bailey   | Found a runed translucent gate.
 15535 | Bailey   | Found a runed translucent gate.
 15557 | Bailey   | Reached ** piety under Hepliaklqana
 15558 | Bailey   | Remembered your ancestor Tala as a knight
 16236 | Bailey   | Killed an orc warlord
 16237 | Bailey   | Reached skill level 5 in Fighting
 16237 | Bailey   | Reached XP level 11. HP: 67/77 MP: 1/22
 16537 | D:8      | Reached skill level 5 in Stealth
 16760 | D:8      | Found a glowing golden altar of the Shining One.
 16962 | D:8      | Noticed Joseph
 16970 | D:8      | Killed Joseph
 17361 | D:8      | Reached skill level 5 in Dodging
 17426 | D:8      | Acquired a book of the Moon
 17433 | D:8      | Learned a level 4 spell: Passage of Golubria
 18473 | D:9      | Reached skill level 5 in Unarmed Combat
 19961 | D:9      | Found Torigairiy's General Store.
 20929 | D:9      | Learned a level 3 spell: Call Canine Familiar
 20936 | D:9      | Found a shimmering blue altar of Sif Muna.
 21182 | D:10     | Entered Level 10 of the Dungeon
 21184 | D:10     | Reached *** piety under Hepliaklqana
 21206 | D:10     | Found Fuarch's Book Emporium.
 21218 | D:10     | Found Hengua's Armour Emporium.
 21366 | D:10     | Found a staircase to the Orcish Mines.
 21431 | D:10     | Found a staircase to the Lair.
 21757 | D:10     | Found Fawuucze's Distillery.
 21765 | D:10     | Bought a potion of heal wounds for 80 gold pieces
 21765 | D:10     | Bought a potion of heal wounds for 80 gold pieces
 21871 | D:10     | Found Gowimoit's Armour Boutique.
 21908 | D:10     | Reached skill level 1 in Summonings
 21995 | D:10     | Found a portal to a secret trove of treasure.
 22036 | D:10     | Paralysed by a hornet for 3 turns
 22667 | D:10     | Noticed Erolcha
 22672 | D:10     | Killed Erolcha
 23470 | D:10     | Reached XP level 12. HP: 86/86 MP: 4/24
 23600 | Lair:1   | Entered Level 1 of the Lair of Beasts
 23782 | Lair:1   | Found a gate leading to a gauntlet.
 23791 | Gauntlet | Entered a Gauntlet
 23791 | Gauntlet | Found a transporter.
 23791 | Gauntlet | Found a runed translucent gate.
 23791 | Gauntlet | Found a transporter.
 23844 | Gauntlet | Found a runed translucent door.
 23846 | Gauntlet | Found a transporter.
 23848 | Gauntlet | Found a runed translucent gate.
 23848 | Gauntlet | Found a runed translucent gate.
 23848 | Gauntlet | Found a runed translucent door.
 23859 | Gauntlet | Found a transporter.
 23876 | Gauntlet | Found a transporter.
 23877 | Gauntlet | Found a transporter.
 23877 | Gauntlet | Found a transporter.
 23880 | Gauntlet | Found a transporter.
 23880 | Gauntlet | Found a transporter.
 23887 | Gauntlet | Noticed a cacodemon
 23892 | Gauntlet | Found a transporter.
 23910 | Gauntlet | Found a transporter.
 23919 | Gauntlet | Noticed a quicksilver ooze
 23920 | Gauntlet | Found a transporter.
 23935 | Gauntlet | Found a transporter.
 23955 | Gauntlet | Found a transporter.
 23956 | Gauntlet | Reached **** piety under Hepliaklqana
 24112 | Gauntlet | Killed a quicksilver ooze
 24113 | Gauntlet | Reached skill level 14 in Air Magic
 24118 | Gauntlet | Identified the +0 pair of gloves "Ijif" {rPois rF+ Dex+6}
 24185 | Gauntlet | Noticed a minotaur
 24204 | Gauntlet | HP: 4/129 [minotaur/+7 quick blade (12)]
 24206 | Gauntlet | Slain by a minotaur

Illustrated notes

Levels and vault maps discovered:
D:1:      kb_arrival_jail, layout_basic
D:2:      layout_basic, hellmonk_ecumenical_altar_leap_of_faith, basic_altar
D:3:      layout_loops_ring, grunt_decor_arrowhead, chequers_mini_garden,
          kennysheep_generic_room_4
D:4:      layout_rooms, nicolae_ru_sacrificial_ziggurat,
          minmay_temple_entry_proselytizer
D:5:      layout_rooms, mainiacjoe_overflow_tiny_flanked
D:6:      kennysheep_spiral_hall, layout_rooms,
          mainiacjoe_overflow_catwalk_spiral, nicolae_ossuary_entry_plus
D:7:      layout_gridville, serial_shops, shop_fountains, minmay_the_grid_2x2
          [minmay_the_grid_outer_circle, minmay_the_grid_doors,
          minmay_the_grid_paths, minmay_the_grid_prize_four_corners]
D:8:      layout_layer_cave, nicolae_tso_carved_into_rock, enter_bailey_2,
          uniq_psyche, uniq_joseph
D:9:      layout_layer_cave, kennysheep_orc_sif_temple, serial_shops, shop,
          kennysheep_generic_room_8
D:10:     layout_loops_ring, david_lair_generic, serial_shops,
          nicolae_square_shop, nicolae_shop_statue_plus, shop, shop,
          nicolae_trove_entry_isolated, uniq_erolcha
Temple:   regret_index_temple_sphere_string
Lair:1:   layout_chaotic_city, gauntlet_entry_generic, patterned_corridor,
          grunt_megastairs_4
Gauntlet: gammafunk_gauntlet_mixed_choke_point
          [minmay_gauntlet_arena_77_checkered,
          minmay_gauntlet_arena_77_run_for_it,
          minmay_gauntlet_arena_77_shame_cube, gammafunk_gauntlet_arena_spirals,
          minmay_gauntlet_arena_77_p_blocks,
          minmay_gauntlet_arena_77_double_cross,
          minmay_gauntlet_arena_77_museum, gauntlet_exit_green]

Skill      XL: |  1  2  3  4  5  6  7  8  9 10 11 12 |
---------------+-------------------------------------+-----
Unarmed Combat | 1 2 4 6 |  6.3
Air Magic      | 4 5 6 9 10 11 12 13 14 | 14.0
Spellcasting   | 3 5 6 7 8 |  8.5
Translocations | 1 3 5 6 |  6.4
Stealth        | 3 4 6 |  6.0
Dodging        | 3 4 5 6 |  6.0
Fighting       | 3 5 6 |  6.0
Summonings     | 2 3 |  3.1
Conjurations   | |  1.0

Action                   |  1- 3 |  4- 6 |  7- 9 | 10-12 || total
-------------------------+-------+-------+-------+-------++-------
Melee: Unarmed           |     9 |       |       |       ||     9
       Tailslap          |     3 |     3 |     9 |    15 ||    30
       Dagger            |    23 |       |       |       ||    23
       Punch             |     2 |       |     1 |     4 ||     7
       Hand axe          |       |    16 |       |       ||    16
       Whip              |       |     9 |    68 |    83 ||   160
 Cast: Shock             |    82 |   151 |     5 |       ||   238
       Airstrike         |       |       |   111 |   295 ||   406
       Call Canine Famil |       |       |       |     1 ||     1
Invok: Ancestor Identity |       |       |     1 |       ||     1
       Recall Ancestor   |       |       |     1 |     4 ||     5
       Ancestor Life: Kn |       |       |       |     1 ||     1
 Abil: Breathe Lightning |       |       |     2 |     5 ||     7
Evoke: Wand              |       |       |       |     2 ||     2
  Use: Scroll            |       |       |    24 |     5 ||    29
       Potion            |       |       |       |     2 ||     2
Armor: Skin              |    12 |    13 |    47 |    38 ||   110
Dodge: Dodged            |    30 |    30 |    55 |    53 ||   168
Block: Other             |       |       |     2 |    29 ||    31
       Reflection        |       |       |       |     4 ||     4
